 Dungeon Crawl Stone Soup version 0.28.0-43-g3370ac3207 (webtiles) character file.

Game seed: 14196980444196407173

1637 ultragoat the Cleaver (level 8, -3/73 HPs)
             Began as a Hill Orc Cinder Acolyte on Mar 14, 2022.
             Was a High Priest of Ignis.
             Slain by Edmund
             ... wielding a +2 dire flail of protection
              (5 damage)
             ... on level 3 of the Dungeon.
             The game lasted 00:23:09 (5687 turns).

ultragoat the Cleaver (Hill Orc Cinder Acolyte)     Turns: 5687, Time: 00:23:10

Health: -3/73      AC: 12    Str: 22    XL:     8   Next: 98%
Magic:  9/9        EV:  6    Int: 14    God:    Ignis [*****.]
Gold:   168        SH:  0    Dex:  6    Spells: 11/11 levels left

rFire   + . .      SeeInvis .   h - +7 hand axe of Nateczoi {speed, rPois Str+3}
rCold   . . .      Faith    .   (no shield)
rNeg    . . .      Spirit   .   g - +1 plate armour
rPois   +          Reflect  .   k - +0 helmet
rElec   .          Harm     .   (no cloak)
rCorr   .          Rampage  .   o - +0 pair of gloves
Will    .....                   (no boots)
Stlth   ..........              (no amulet)
HPRegen 0.22/turn               (no ring)
MPRegen 0.11/turn               (no ring)

@: no status effects
A: deformed body, low MP 1, MP-powered wands
a: Renounce Religion, Fiery Armour, Foxfire Swarm, Rising Flame


You were on level 3 of the Dungeon.
You worshipped Ignis.
Ignis was extremely pleased with you.
You visited 2 branches of the dungeon, and saw 7 of its levels.
You also visited: Sewer.

You collected 168 gold pieces.

Inventory:

Hand Weapons
 a - a -1 hand axe of flaming
 h - the +7 hand axe of Nateczoi (weapon) {speed, rPois Str+3}
   (You found it on level 3 of the Dungeon)

   Attacks with this weapon are significantly faster.
   Str:       It affects your strength (+3).
   rPois:     It protects you from poison.
Missiles
 p - a throwing net
 q - 6 javelins (quivered)
Armour
 g - a +1 plate armour (worn)
 k - a +0 helmet (worn)
 o - a +0 pair of gloves (worn)
 r - a +3 leather armour of fire resistance
Jewellery
 x - a ring of poison resistance
Wands
 s - a wand of charming (8)
 v - a wand of digging (5)
 w - a wand of polymorph (3)
Scrolls
 b - a scroll of magic mapping {unknown}
 e - 2 scrolls of enchant weapon {unknown}
 f - 3 scrolls of teleportation
 j - 2 scrolls of identify
 m - a scroll of fear {unknown}
 t - a scroll of torment {unknown}
 u - a scroll of silence {unknown}
Potions
 c - a potion of curing
 i - a potion of lignification


   Skills:
 + Level 7.5 Fighting
 + Level 8.2 Axes
 * Level 7.6 Armour
 - Level 2.0 Spellcasting
 - Level 4.2 Fire Magic


You had 11 spell levels left.
You didn't know any spells.
Your spell library contained the following spells:

 Spells                   Type           Power      Damage    Failure   Level
 Scorch                   Fire           26%        2d6       71%         2
 Ensorcelled Hibernation  Hex/Ice        2%         N/A       99%         2
 Passwall                 Tmut/Erth      0%         N/A       99%         2
 Sublimation of Blood     Necr           1%         N/A       99%         2
 Wereblood                Tmut           1%         N/A       99%         2
 Swiftness                Air            1%         N/A       100%        3
 Summon Hydra             Summ           0%         N/A       100%        7


Dungeon Overview and Level Annotations

Branches:
Dungeon (6/15)             Temple (1/1) D:5           Sewer (visited)

Altars:

Annotations:
D:3 Edmund
D:4 Menkaure


Innate Abilities, Weirdness & Mutations

Armour fits poorly on your strangely shaped body.
Your magical capacity is low. (-10% MP)
You expend magic power (3 MP) to strengthen your wands.


Message History

Found an escape hatch in the floor.
Found a stone staircase leading up.
Things that are here:
a +0 mace; a jackal corpse You recover from your berserk rage.
Found a stone staircase leading up.
Found 15 gold pieces.
You feel a little less clever now.
Menkaure and Edmund come into view.
Edmund is wielding a +2 dire flail of protection.
Found a scroll of enchant armour.
Menkaure shouts!
A phantom comes into view.
Menkaure points at you and mumbles some strange words.
Pain shoots through your body!
Menkaure gestures wildly while chanting.
Menkaure seems to speed up.
Menkaure calls on the powers of darkness!
Edmund convulses!
Your body is wracked with pain!
Menkaure calls on the powers of darkness!
Edmund convulses!
Your body is wracked with pain!
* * * LOW HITPOINT WARNING * * *
You feel better.
Edmund hits you with a +2 dire flail of protection!
* * * LOW HITPOINT WARNING * * *
Menkaure grins.
Menkaure calls on the powers of darkness!
Edmund convulses!
Your body is wracked with pain!
* * * LOW HITPOINT WARNING * * *
Menkaure blazes with dark energy!
There is a stone staircase leading up here.
Edmund hits you with a +2 dire flail of protection!
* * * LOW HITPOINT WARNING * * *
You climb upwards.
There is a stone staircase leading down here.
You barely miss Edmund.
Edmund is severely wounded.
You hit Edmund but do no damage.
Edmund is severely wounded.
Edmund hits you with a +2 dire flail of protection.
You die...

........#.#.##.##.## #.#
.[......#.##..#...# #.#
##.#.####)###...#.# #.#
#.#.####.###..#..# #.#
##................# #.#
####..............# #.# #
###.##.#####..## #.# #
####.##.#####.@#######.# #
#...........(.@........####
#
#.##(###.####..####.......#
# #.##.# #.# #..# #######.#
# #.##.###.####<.# #.# #
#.##...........# #.#
#.######.#####.##### #.##
###.# ####.#####.....# #..#
....# #.........####.# ##.#
##### #.##<####.# #.# #.#


You could see Edmund.

Vanquished Creatures
  Pikel (D:5)
  Eustachio (D:5)
  Duvessa (D:5)
  2 phantoms (D:5)
  2 bullfrogs (Sewer)
  Blork the orc (D:4)
  2 scorpions (D:5)
  Dowan (D:5)
  A hound (D:5)
  An orc priest (D:4)
  Natasha (thrice) (D:2)
  A hound skeleton (D:4)
  9 adders
  A white imp (D:5)
  An ufetubus (D:4)
  5 worms
  3 dart slugs
  13 orcs
  12 ball pythons
  20 endoplasms
  11 giant cockroaches
  4 goblins
  7 hobgoblins
  5 jackals
  15 quokkas
  8 bats
  13 frilled lizards
  3 kobolds
  A quokka skeleton (D:4)
  5 rats
153 creatures vanquished.

Notes
Turn   | Place    | Note
-------+----------+-------------------------------------------
     0 | D:1      | ultragoat the Hill Orc Cinder Acolyte began the quest for
                  | the Orb.
     0 | D:1      | Reached XP level 1. HP: 19/19 MP: 2/2
   477 | D:1      | Reached XP level 2. HP: 20/27 MP: 3/3
   484 | D:1      | Found a faded altar of an unknown god.
  1026 | D:1      | Reached XP level 3. HP: 32/33 MP: 4/4
  2041 | D:2      | Noticed Natasha
  2051 | D:2      | Killed Natasha
  2052 | D:2      | Reached XP level 4. HP: 17/41 MP: 6/6
  2317 | D:2      | Noticed Natasha
  2329 | D:2      | Killed Natasha
  2641 | D:2      | Noticed Natasha
  2648 | D:2      | Killed Natasha
  2649 | D:2      | Reached skill level 5 in Axes
  2649 | D:2      | Reached XP level 5. HP: 37/47 MP: 7/7
  2853 | D:3      | Identified the +7 hand axe of Nateczoi {speed, rPois Str+3}
  3334 | D:4      | Reached skill level 1 in Armour
  3369 | D:4      | Found a glowing drain.
  3381 | Sewer    | Entered a sewer
  3511 | Sewer    | Reached XP level 6. HP: 53/55 MP: 9/9
  3563 | Sewer    | Reached skill level 5 in Fighting
  4075 | D:4      | Noticed Blork the orc
  4099 | D:5      | Entered Level 5 of the Dungeon
  4103 | D:5      | Reached skill level 6 in Axes
  4103 | D:5      | Reached XP level 7. HP: 54/61 MP: 10/10
  4213 | D:5      | Found a staircase to the Ecumenical Temple.
  4254 | D:5      | Noticed Dowan
  4255 | D:5      | Noticed Duvessa
  4264 | D:5      | Killed Duvessa
  4271 | D:5      | Killed Dowan
  4424 | D:5      | Noticed Eustachio
  4465 | D:5      | Killed Eustachio
  4466 | D:5      | Reached skill level 5 in Armour
  4466 | D:5      | Reached XP level 8. HP: 67/71 MP: 11/11
  4643 | D:5      | Reached skill level 7 in Axes
  4658 | Temple   | Entered the Ecumenical Temple
  4818 | D:5      | Noticed Pikel
  4838 | D:5      | Killed Pikel
  5335 | D:5      | Reached skill level 8 in Axes
  5416 | D:4      | Killed Blork the orc
  5431 | D:4      | Identified the +4 short sword of Drought {vorpal, rElec}
  5568 | D:4      | Gained mutation: You expend magic power (3 MP) to
                  | strengthen your wands. [potion of mutation]
  5568 | D:4      | Gained mutation: Armour fits poorly on your strangely
                  | shaped body. [potion of mutation]
  5568 | D:4      | Gained mutation: Your magical capacity is low. (-10% MP)
                  | [potion of mutation]
  5658 | D:4      | Noticed Menkaure
  5658 | D:4      | Noticed Edmund
  5684 | D:4      | HP: 2/73 [Edmund/+2 dire flail of protection (11)]
  5687 | D:3      | Slain by Edmund

Illustrated notes

Levels and vault maps discovered:
D:1:      minmay_arrival_jagged, layout_basic,
          dilly_ecumenical_altar_fadedgnrine
D:2:      layout_loops_ring, uniq_natasha
D:3:      layout_loops_ring, grunt_decor_one_mirror, kennysheep_small_spiral
D:4:      layout_rooms, gup_sewer_entry_bubbles, minivault_25,
          minmay_misc_feat_x, uniq_menkaure, uniq_blork_the_orc, uniq_sigmund,
          uniq_edmund, uniq_robin
D:5:      layout_loops_ring, minmay_temple_entry_stoned_glass, uniq_eustachio,
          uniq_duvessa, uniq_pikel
D:6:      layout_rooms, serial_bayou_pond_b, kennysheep_flooded_box, uniq_maggie
Temple:   mainiacjoe_temple_starburst

Skill      XL: |  1  2  3  4  5  6  7  8 |
---------------+-------------------------+-----
Fighting       | 4 5 6 7 |  7.5
Fire Magic     | 4 |  4.2
Axes           | 5 6 8 |  8.2
Spellcasting   | 2 |  2.0
Armour         | 2 3 5 7 |  7.6

Action                   |  1- 3 |  4- 6 |  7- 9 || total
-------------------------+-------+-------+-------++-------
Melee: Hand axe          |   128 |   174 |   123 ||   425
       Punch             |     2 |     1 |       ||     3
       Long sword        |     3 |       |       ||     3
Throw: Javelin           |       |       |    10 ||    10
       Throwing net      |       |       |     2 ||     2
Invok: Fiery Armour      |       |       |     1 ||     1
  Use: Scroll            |     2 |     2 |       ||     4
       Potion            |     2 |       |     5 ||     7
Armor: Robe              |    35 |       |       ||    35
       Plate armour      |     2 |   106 |    59 ||   167
Dodge: Dodged            |    87 |    47 |    22 ||   156
